 Dungeon Crawl Stone Soup version 0.30-a0-782-ge64f9170bb (webtiles) character file.

Game seed: 4877530141393237459

88 senseless the Insei (level 4, -4/28 HPs)
             Began as an Octopode Transmuter on Mar 15, 2023.
             Slain by an orc
             ... wielding a +0 mace
              (5 damage)
             ... on level 2 of the Dungeon on Mar 16, 2023.
             The game lasted 00:05:46 (1700 turns).

senseless the Insei (Octopode Transmuter)           Turns: 1700, Time: 00:05:46

Health: -4/28      AC:  1    Str: 11    XL:     4   Next: 53%
Magic:  7/8        EV: 13    Int: 15    God:
Gold:   70         SH:  0    Dex: 12    Spells: 8/9 levels left

rFire   . . .      SeeInvis .      - Unarmed
rCold   . . .      Faith    .    (no shield)
rNeg    . . .      Spirit   .    (helmet currently unavailable)
rPois   .          Reflect  .    (no amulet)
rElec   .          Harm     .    (no ring)
rCorr   .          Rampage  .    (no ring)
Will    .....                    (no ring)
Stlth   ++                       (no ring)
HPRegen 0.24/turn                (no ring)
MPRegen 0.11/turn                (no ring)
                                 (no ring)
                                 (no ring)

@: appendages (expiring)
A: tentacle spike 3, almost no armour, amphibious, 8 rings, camouflage 1,
gelatinous body 1, (nimble swimmer 1), tentacles
a: End Transformation


You were on level 2 of the Dungeon.
One of your tentacles had grown a beastly spike.
You visited 1 branch of the dungeon, and saw 3 of its levels.

You collected 70 gold pieces.

Inventory:

Hand Weapons
 a - a +0 sling
Wands
 f - a wand of digging (4)
Scrolls
 d - a scroll of identify
Potions
 b - a potion of magic
 e - a potion of cancellation
 i - a potion of lignification


   Skills:
 + Level 1.0 Fighting
 + Level 0.6 Ranged Weapons
 + Level 2.2 Dodging
 + Level 0.6 Stealth
 + Level 3.8 Unarmed Combat
 + Level 3.0 Spellcasting
 + Level 2.4 Transmutations


You had 8 spell levels left.
You knew the following spells:

 Your Spells              Type           Power      Damage    Failure   Level
a - Beastly Appendage     Tmut           18%        N/A       8%          1

Your spell library contained the following spells:

 Spells                   Type           Power      Damage    Failure   Level
 Wereblood                Tmut           9%         N/A       12%         2
 Slow                     Hex            8%         N/A       21%         1
 Static Discharge         Conj/Air       4%         2-3/arc   30%         2
 Spider Form              Tmut/Pois      5%         N/A       36%         3
 Confusing Touch          Hex            2%         N/A       52%         3
 Gell's Gravitas          Tloc           2%         N/A       52%         3
 Teleport Other           Tloc           2%         N/A       52%         3
 Vampiric Draining        Necr           2%         2d6       52%         3
 Vhi's Electric Charge    Tloc/Air       4%         N/A       52%         3
 Ice Form                 Ice/Tmut       5%         N/A       77%         4
 Arcjolt                  Conj/Air       1%         1d11      99%         5
 Lightning Bolt           Conj/Air       1%         1d12      99%         5
 Dispersal                Tloc           1%         N/A       100%        6


Dungeon Overview and Level Annotations

Branches:
Dungeon (3/15)

Altars:

Shops:
D:1 =


Innate Abilities, Weirdness & Mutations

One of your tentacles has grown a beastly spike.
You cannot wear most types of armour.
You are amphibious.
You can wear up to eight rings at the same time.
Your skin changes colour to match your surroundings (Stealth+).
Your rubbery body absorbs attacks. (AC +1, EV +1)
((You are camouflaged when in or above water. (Stealth+)))
You have tentacles for arms and can constrict up to eight enemies at once.


Message History

You constrict the orc.
You kill the orc!
Things that are here:
a +0 mace; a +0 scale mail; an orc corpse
There is a stone staircase leading down here.
You start resting.
Your tentacle spike disappears.
Magic restored.
You start resting.
HP restored.
One of your tentacles grows a vicious spike.
You climb downwards.
The bat closely misses you. x2
The orc barely misses you. The orc closely misses you.
The orc hits you but does no damage. The bat hits you.
The orc barely misses you. The orc closely misses you.
The orc hits you with a +0 mace!
There is a stone staircase leading up here.
The bat barely misses you. The bat hits you but does no damage.
The orc hits you with a +0 trident. The orc closely misses you.
The orc barely misses you.
You climb upwards.
There is a stone staircase leading down here.
You closely miss the orc. You grab the orc.
You squeeze the orc, but do no damage.
You constrict the orc, but do no damage.
The bat closely misses you. The orc hits you with a +0 mace!
* * * LOW HITPOINT WARNING * * *
The orc misses you.
You tentacle-slap the orc but do no damage.
You pierce the orc.
The orc is lightly wounded.
You constrict the orc. The orc completely misses you. The orc misses you.
The orc hits you with a +0 mace.
* * * LOW HITPOINT WARNING * * *
You tentacle-slap the orc but do no damage.
You pierce the orc.
You kill the orc!
Your transformation is almost over.
The orc hits you with a +0 mace.
You die...

#.##.#..##.....## #.##.#.#
#.#.....##......# #.#....#
#.......##......# #..###.##
#.##.##.##......# #.## ##.#
#.......##...##.# #.# #.#
####.#####..###.# #.## ##.#
#.# #..###.# ##.###.##
#.#####.....o#####...###
#........##bo@)........######
####........####.#####.##...##
#.##..#..# #.#####........ ###
#.##.....# #.##........#.. ..#
#.##.....# #.##.##...#.#.. #.#
#.###...## #.##.##..#..... #.#
#.......# #........#####. #.#
#####...# ####.#.#.....). #.#
#...# #....#######


You could see 2 orcs and a bat.

Vanquished Creatures
  2 adders (D:2)
  2 gnolls (D:2)
  A worm (D:2)
  4 orcs (D:2)
  7 ball pythons
  3 endoplasms (D:1)
  3 giant cockroaches (D:2)
  6 goblins
  A hobgoblin (D:1)
  3 jackals (D:1)
  2 quokkas
  3 bats
  3 frilled lizards
  2 kobolds (D:1)
  A rat (D:2)
43 creatures vanquished.

Notes
Turn   | Place    | Note
-------+----------+-------------------------------------------
     0 | D:1      | senseless the Octopode Transmuter began the quest for the
                  | Orb.
     0 | D:1      | Reached XP level 1. HP: 13/13 MP: 3/3
   171 | D:1      | Reached XP level 2. HP: 13/18 MP: 3/5
   259 | D:1      | Found Cead Lav's Jewellery Shop.
   541 | D:1      | Reached XP level 3. HP: 23/23 MP: 4/6
  1024 | D:2      | Reached XP level 4. HP: 19/28 MP: 6/8
  1193 | D:2      | Found a faded altar of an unknown god.
  1699 | D:2      | HP: 1/28 [orc/+0 mace (6)]
  1700 | D:2      | Slain by an orc

Illustrated notes

Levels and vault maps discovered:
D:1:      shiori_arrival_oz, layout_rooms, serial_shops, shop
D:2:      layout_loops_cross, hellmonk_ecumenical_altar_inner_sanctum
D:3:      layout_rooms, serial_shops, nicolae_shop_statue_plus

Skill      XL: |  1  2  3 |
---------------+----------+-----
Spellcasting   | 3 |  3.0
Fighting       | |  1.0
Ranged Weapons | |  0.6
Dodging        | |  2.2
Stealth        | |  0.6
Unarmed Combat | |  3.8
Transmutations | |  2.4

Action                     |  1- 3 |  4- 6 || total
---------------------------+-------+-------++-------
  Melee: Unarmed           |    55 |    24 ||    79
         Tentacles         |    14 |     5 ||    19
         Constrict         |    17 |     5 ||    22
         Kick              |    19 |     7 ||    26
         Punch             |     1 |       ||     1
   Fire: Sling             |       |     3 ||     3
   Cast: Beastly Appendage |    20 |     7 ||    27
    Use: Scroll            |       |     5 ||     5
   Stab: Sleeping          |     4 |       ||     4
 Armour: Skin              |     3 |     3 ||     6
  Dodge: Dodged            |    34 |    50 ||    84

Table legend: (Time is in decaauts)
 A = Elapsed time spent in this place.
 B = Non-inter-level travel time spent in this place.
 C = Inter-level travel time spent in this place.
 D = Time resting spent in this place.
 E = Time spent auto-exploring this place.
 F = Levels seen in this place.
 G = Mean time per level.
                   A        B        C        D        E       F      G
               +--------+--------+--------+--------+--------+-----+--------+
         Total |   1695 |   1555 |    140 |    159 |   1112 |   3 |  565.0 |
       Dungeon |   1695 |   1555 |    140 |    159 |   1112 |   3 |  565.0 |
               +--------+--------+--------+--------+--------+-----+--------+

Top non-repeatable levels by time:
     D:2: 1065 daAuts
     D:1: 592 daAuts
     D:3: 38 daAuts
